 Dungeon Sprint DCSS version 0.17.1-3-g152610e (webtiles) character file.

112 Kokonut the Firebug (level 4, -2/24 HPs)
             Began as a Deep Elf Fire Elementalist on Mar 31, 2016.
             Killed from afar by a hell hound (18 damage)
             ... with a blast of flame
             ... in the Dungeon (Sprint V: "Ziggurat Sprint").
             The game lasted 00:04:30 (232 turns).

Kokonut the Firebug (Deep Elf Fire Elementalist)     Turns: 232, Time: 00:04:31

Health: -2/24      AC:  2    Str:  5    XL:     4   Next: 64%
Magic:  14/20      EV: 13    Int: 39    God:
Gold:   0          SH:  0    Dex: 15    Spells: 3 memorised, 8 levels left

rFire  . . .     SeeInvis .     L - +6 Majin-Bo {vamp, Archmagi MP+6 Int+6}
rCold  . . .     Clarity  .     a - +0 robe
rNeg   . . .     SustAt   .     (shield currently unavailable)
rPois  .         Gourm    .     (no helmet)
rElec  .         Spirit   .     (no cloak)
rCorr  .         Warding  .     (no gloves)
rMut   .         NoTele   +     (no boots)
MR     .....                    (no amulet)
Stlth  ++........               H - +6 ring of intelligence
                                G - +6 ring of intelligence

@: not resistant to hostile enchantments, unstealthy
A: no striking features
a: no special abilities


You were in the Dungeon.
You were not hungry.

You visited 1 branch

Inventory:

Hand Weapons
 L - the +6 Majin-Bo (weapon) {vamp, Archmagi MP+6 Int+6}
   (You found it in the Dungeon)

   It inflicts no extra harm, but heals its wielder somewhat when it strikes a
   living foe.
   It affects your intelligence (+6).
   It affects your magic capacity (+6).
Armour
 a - a +0 robe (worn)
 j - a +5 fire dragon armour
 k - a +3 buckler
Jewellery
 E - a +6 ring of dexterity
 F - a +6 ring of dexterity
 G - a +6 ring of intelligence (left hand)
 H - a +6 ring of intelligence (right hand)
 I - a +6 ring of strength
 J - a +6 ring of strength
 K - an uncursed ring of flight
Wands
 y - a wand of disintegration (7)
 B - a wand of fire (5)
 C - a wand of cold (5)
 D - a wand of draining (5)
Scrolls
 i - 4 scrolls of blinking
 r - 4 scrolls of amnesia
 s - 3 scrolls of recharging
 t - 7 scrolls of fog
 u - a scroll of holy word
 v - 5 scrolls of identify
 w - 5 scrolls of remove curse
 x - 2 scrolls of fear
Potions
 d - 10 potions of curing
 e - 10 potions of heal wounds
 f - 6 potions of haste
 g - 7 potions of magic
 h - 3 potions of berserk rage
 l - 2 potions of brilliance
 m - 2 potions of invisibility
 n - 4 potions of resistance
 o - a potion of experience
 p - 5 potions of agility
 q - 5 potions of might
Books
 b - a book of Flames

   Spells                             Type                      Level
   a - Flame Tongue                   Conjuration/Fire             1
   b - Throw Flame                    Conjuration/Fire             2
   c - Conjure Flame                  Conjuration/Fire             3
   d - Inner Flame                    Hexes/Fire                   3
   e - Sticky Flame                   Conjuration/Fire             4
   f - Fireball                       Conjuration/Fire             5
Comestibles
 c - 5 bread rations
 z - 42 fruits
 A - 3 meat rations


   Skills:
 - Level 2.4 Dodging
 - Level 2.4 Stealth
 + Level 6.2 Spellcasting
 * Level 6.4 Conjurations
 * Level 7.2 Fire Magic


You had 8 spell levels left.
You knew the following spells:

 Your Spells              Type           Power        Failure   Level  Hunger
a - Flame Tongue          Conj/Fire      #####        1%          1    None
b - Throw Flame           Conj/Fire      ######       1%          2    None
c - Sticky Flame          Conj/Fire      #######.     1%          4    #......


Dungeon Overview and Level Annotations

Branches:
Dungeon (1/1)

Altars:
Ashenzari
Cheibriados
Dithmenos
Elyvilon
Fedhas
Gozag
Kikubaaqudgha
Makhleb
Nemelex Xobeh
Okawaru
Qazlal
Ru
Sif Muna
Trog
Vehumet
Xom
Yredelemnul
Zin
The Shining One
Beogh
Jiyva
Lugonu


Message History

The shadow imp shouts!
Casting: Throw Flame
Confirm with . or Enter, or press ? or * to list all spells.
You can't see any susceptible monsters within range! (Use Z to cast anyway.)
Casting: Throw Flame
Confirm with . or Enter, or press ? or * to list all spells.
Aiming: Sticky Flame
Press: ? - help, Shift-Dir - straight line, f - hell hound, p - quasit
Aim: a hell hound You feel a surge of power!
The sticky flame hits the hell hound.
The hell hound completely resists.
The hell hound is covered in liquid flames!
The hell hound barely misses you.
You sock the hell hound!
The hell hound is moderately wounded.
The quasit barely misses you. The quasit claws you. The quasit claws you.
The hell hound breathes flames at you. The blast of flame hits you!
Ouch! That really hurt!
You die...

▓▓▓▓▓▓▓▓▓▓▓▓▓
▓.8©8.▓.8©8.▓
▓.[}).▓.....▓
▓.....▓.).}.▓
▓.5...▓.....▓
▓.....▓.....▓
▓..h5.▓.....▓
▓..@..▓▓▓▓▓▓▓
▓▓▓▓▓▓▓


You could see a hell hound (burning), a quasit and a shadow imp.

Vanquished Creatures
  An eye of draining (D)
  A jelly (D)
2 creatures vanquished.

Notes
Turn   | Place    | Note
--------------------------------------------------------------
     0 | D        | Kokonut the Deep Elf Fire Elementalist began the quest for the Orb.
     0 | D        | Reached XP level 1. HP: 10/10 MP: 6/6
     3 | D        | Found an iron altar of Okawaru.
     3 | D        | Found a radiant altar of Vehumet.
     3 | D        | Found a shimmering altar of Xom.
     3 | D        | Found a burning altar of Makhleb.
     5 | D        | Found a deep blue altar of Sif Muna.
     7 | D        | Found a roughly hewn altar of Beogh.
     7 | D        | Found a corrupted altar of Lugonu.
     7 | D        | Found a viscous altar of Jiyva.
     7 | D        | Found a white marble altar of Elyvilon.
     7 | D        | Found a sparkling altar of Nemelex Xobeh.
     7 | D        | Found a bloodstained altar of Trog.
    91 | D        | Entered arena 1.
    91 | D        | Noticed a jelly
    91 | D        | Noticed an eye of draining
   103 | D        | Killed an eye of draining
   103 | D        | Reached skill level 5 in Spellcasting
   103 | D        | Reached skill level 5 in Conjurations
   103 | D        | Reached skill level 6 in Fire Magic
   103 | D        | Reached XP level 2. HP: 15/15 MP: 0/10
   103 | D        | Reached XP level 3. HP: 19/19 MP: 0/12
   103 | D        | Reached XP level 4. HP: 24/24 MP: 0/13
   105 | D        | Killed a jelly
   105 | D        | Reached skill level 7 in Fire Magic
   224 | D        | Learned a level 2 spell: Throw Flame
   229 | D        | Learned a level 4 spell: Sticky Flame
   229 | D        | Entered arena 2.
   229 | D        | Noticed a hell hound
   229 | D        | Noticed a quasit
   232 | D        | Killed from afar by a hell hound

Action                   |  1- 3 |  4- 6 || total
-------------------------+-------+-------++-------
Melee: Quarterstaff      |    10 |     2 ||    12
 Cast: Throw Flame       |       |     1 ||     1
       Sticky Flame      |       |     1 ||     1
       Flame Tongue      |       |     1 ||     1
 Stab: Sleeping          |     1 |       ||     1
  Eat: Meat ration       |     1 |       ||     1
